 Dungeon Crawl Stone Soup version 0.24-a0-439-g6dd8730de2 (webtiles) character file.

Game seed: 5842553621710831668

1 forest the Sneak (level 1, 0/10 HPs)
             Began as a Spriggan Assassin on June 17, 2019.
             Slain by a kobold
             ... wielding a +0 whip
              (4 damage)
             ... on level 1 of the Dungeon.
             The game lasted 00:00:11 (45 turns).

forest the Sneak (Spriggan Assassin)                  Turns: 45, Time: 00:00:11

Health: 0/10       AC:  3    Str:  7    XL:     1   Next: 16%
Magic:  2/2        EV: 17    Int: 12    God:
Gold:   10         SH:  0    Dex: 17    Spells: 0/0 levels left

rFire    . . .     SeeInvis +   a - +2 dagger
rCold    . . .     Gourm    .   (shield restricted)
rNeg     . . .     Faith    .   b - +0 robe
rPois    .         Spirit   .   (helmet restricted)
rElec    .         Reflect  .   c - +0 cloak
rCorr    .         Harm     .   (gloves unavailable)
MR       .....                  (boots unavailable)
Stlth    +++.......             (no amulet)
HPRegen  0.03/turn              (no ring)
MPRegen  0.08/turn              (no ring)

@: very quick
A: very small, unfitting armour, see invisible, herbivore, speed 3, slow
metabolism 2
a: no special abilities


You were on level 1 of the Dungeon.
You were not hungry.

You visited 1 branch of the dungeon, and saw 1 of its levels.

You collected 10 gold pieces.

Inventory:

Hand Weapons
 a - a +2 dagger (weapon)
Missiles
 d - 8 poisoned darts (quivered)
 e - 2 curare-tipped darts
 g - 4 stones
Armour
 b - a +0 robe (worn)
 c - a +0 cloak (worn)
Comestibles
 f - a ration


   Skills:
 + Level 1.5 Fighting
 + Level 2.1 Short Blades
 + Level 2.0 Throwing
 + Level 1.5 Dodging
 + Level 6.0 Stealth


You couldn't memorise any spells.
You didn't know any spells.
Your spell library was empty.

Dungeon Overview and Level Annotations

Branches:
Dungeon (1/15)

Altars:


Innate Abilities, Weirdness & Mutations

You are very small and have problems with some larger weapons.
You are too small for most types of armour.
You have supernaturally acute eyesight. (SInv)
You are a herbivore.
You cover ground extremely quickly.
You need to consume almost no food.


Message History

The kobold shouts!
The hobgoblin shouts!
You barely miss the kobold. The kobold misses you.
You closely miss the kobold.
The hobgoblin hits you but does no damage.
The kobold barely misses you.
You barely miss the kobold. The kobold barely misses you.
The hobgoblin hits you but does no damage.
You barely miss the kobold. The kobold misses you.
The hobgoblin closely misses you.
You hit the kobold.
The kobold is heavily wounded.
The kobold misses you. The hobgoblin hits you with a +0 club.
Ouch! That really hurt!
You hit the kobold but do no damage.
The kobold is heavily wounded.
The kobold completely misses you.
You closely miss the kobold.
The kobold is heavily wounded.
The hobgoblin completely misses you. The kobold hits you with a +0 whip.
You die...

###.###
#d#.#i#.....
###.###.... .
#6#.#n#... ..
###.###..###.#
#p#.#e#......#
###'###...#..#..
#.#....g......
#.....@K..#
#.#.##.####
#.#.##.#
..#.##.#
.###.##.# ..
#.##.# #. #.##.#
#. #.##.#


You could see a hobgoblin and a kobold.

Vanquished Creatures
  A kobold (D:1)
1 creature vanquished.

Notes
Turn   | Place    | Note
-------+----------+-------------------------------------------
     0 | D:1      | forest the Spriggan Assassin began the quest for the Orb.
     0 | D:1      | Reached XP level 1. HP: 10/10 MP: 2/2
     2 | D:1      | Noticed a vampire
     5 | D:1      | Noticed a felid
     5 | D:1      | Noticed a naga
     7 | D:1      | Noticed a demigod
     7 | D:1      | Noticed a merfolk
     9 | D:1      | Noticed a troll
    11 | D:1      | Noticed a vine stalker
    11 | D:1      | Noticed a minotaur
    13 | D:1      | Noticed an octopode
    13 | D:1      | Noticed a tengu
    15 | D:1      | Noticed a formicid
    17 | D:1      | Noticed a dwarf
    19 | D:1      | Noticed an ogre
    19 | D:1      | Noticed a human
    21 | D:1      | Noticed a gargoyle
    21 | D:1      | Noticed a centaur
    23 | D:1      | Noticed a draconian
    23 | D:1      | Noticed a spriggan
    25 | D:1      | Noticed a demonspawn
    25 | D:1      | Noticed a ghoul
    27 | D:1      | Noticed a halfling
    27 | D:1      | Noticed an elf
    33 | D:1      | Reached skill level 6 in Stealth
    45 | D:1      | Slain by a kobold

Levels and vault maps discovered:
D:1:      kb_arrival_jail, layout_basic

Skill      XL: |  1 |
---------------+----+-----
Stealth        | 6 |  6.0
Fighting       | |  1.5
Short Blades   | |  2.1
Throwing       | |  2.0
Dodging        | |  1.5

Action                   || total
-------------------------++-------
Melee: Dagger            ||     8
 Stab: Sleeping          ||     1
Armor: Robe              ||     2
Dodge: Dodged            ||     8

Table legend:
 A = Non-vault XP
 B = Vault XP
 C = Vault XP percentage of total XP
 D = Non-vault monster count
 E = Vault monster count
 F = Vault count percentage of total count
                 A         B        C        D         E       F
            +---------+---------+-------+---------+---------+-------
      Total |       2 |       0 |   0.0 |       1 |       0 |   0.0
            +---------+---------+-------+---------+---------+-------
        D:1 |       2 |       0 |   0.0 |       1 |       0 |   0.0
            +---------+---------+-------+---------+---------+-------
